General information
	        
			
        
        - name: Skycity69
 
        - type: Custom game
 
        - host: Iceberg-Slim
 
        - saver: bLinn
 
        
map: SecretValley 
        - players: 7
 
        - length: 35:16
 
        - speed: Fast
 - version: 1.22 W3XP
 - replay type:  

 
» download(138 KB)
Players
        team 1 (winner) 
              
              
greedoFthenoob (
pink | 104 APM | 3654 actions | 35:15)
              
 6 Archmage 
 3 Summon Water Elemental
 2 Brilliance Aura
 1 Mass Teleport
 7 Paladin 
 3 Holy Light
 2 Devotion Aura
 1 Divine Shield
 1 Resurrection
 2 Mountain King 
 1 Storm Bolt
 1 Thunder Clap
 
                » actions 
                
                | Assign group hotkey | 76 |  | 
| Basic commands | 146 |  | 
| Build / train | 112 |  | 
| ESC pressed | 1 |  | 
| Enter build submenu | 28 |  | 
| Enter hero's abilities submenu | 16 |  | 
| Give item / drop item | 4 |  | 
| Right click | 1693 |  | 
| Select / deselect | 852 |  | 
| Select group hotkey | 562 |  | 
| Use ability | 164 |  | 
                3654 total
 » units 
                
                | Peasant | 35 |  | 
| Footman | 7 |  | 
| Knight | 6 |  | 
| Spell Breaker | 2 |  | 
| Priest | 6 |  | 
| Rifleman | 6 |  | 
                62 total
 » upgrades
                
                | Swords | 3 |  | 
| Plating | 3 |  | 
| Animal War Training | 1 |  | 
| Priest Training | 2 |  | 
| Long Rifles | 1 |  | 
                10 total
 » buildings
                
                | Altar of Kings | 1 |  | 
| Farm | 11 |  | 
| Barracks | 2 |  | 
| Keep | 1 |  | 
| Arcane Vault | 3 |  | 
| Blacksmith | 2 |  | 
| Castle | 1 |  | 
| Lumber Mill | 1 |  | 
| Arcane Sanctum | 1 |  | 
| Town Hall | 2 |  | 
| Scout Tower | 2 |  | 
                27 total
 » build order
                00:06 Altar of Kings
00:18 Farm
00:20 Barracks
00:48 Farm
01:43 Farm
02:25 Farm
02:27 Farm
03:37 Keep
04:45 Arcane Vault
05:04 Blacksmith
06:56 Castle
07:00 Blacksmith
07:02 Lumber Mill
07:26 Farm
08:12 Barracks
08:42 Farm
09:58 Farm
10:37 Arcane Sanctum
15:24 Arcane Vault
15:46 Town Hall
19:05 Arcane Vault
22:21 Farm
24:52 Farm
27:48 Farm
30:18 Scout Tower
30:20 Scout Tower
31:25 Town Hall
» items
                
                | Boots of Speed | 2 |  | 
| Potion of Healing | 1 |  | 
| Staff of Sanctuary | 3 |  | 
| Orb of Fire | 2 |  | 
| Scroll of Regeneration | 1 |  | 
| Scroll of Town Portal | 2 |  | 
| Scroll of Healing | 3 |  | 
| Potion of Lesser Invulnerability | 1 |  | 
| Scroll of Protection | 1 |  | 
                16 total
  
               team 2 (loser) 
              
              
atouchofherlips (
purple | 108 APM | 3806 actions | 35:14)
              
 6 Archmage 
 2 Summon Water Elemental
 2 Brilliance Aura
 2 Blizzard
 4 Mountain King 
 2 Storm Bolt
 2 Thunder Clap
 3 Paladin 
 2 Holy Light
 1 Divine Shield
 
                » actions 
                
                | Assign group hotkey | 333 |  | 
| Basic commands | 16 |  | 
| Build / train | 116 |  | 
| ESC pressed | 8 |  | 
| Enter build submenu | 28 |  | 
| Enter hero's abilities submenu | 13 |  | 
| Give item / drop item | 5 |  | 
| Remove unit from queue | 5 |  | 
| Right click | 1330 |  | 
| Select / deselect | 582 |  | 
| Select group hotkey | 1122 |  | 
| Use ability | 248 |  | 
                3806 total
 » units 
                
                | Peasant | 18 |  | 
| Footman | 5 |  | 
| Spell Breaker | 10 |  | 
| Priest | 4 |  | 
| Sorceress | 5 |  | 
| Gryphon Rider | 5 |  | 
                47 total
 » upgrades
                » buildings
                
                | Altar of Kings | 2 |  | 
| Barracks | 1 |  | 
| Farm | 6 |  | 
| Scout Tower | 5 |  | 
| Arcane Tower | 1 |  | 
| Arcane Vault | 1 |  | 
| Lumber Mill | 1 |  | 
| Keep | 1 |  | 
| Arcane Sanctum | 2 |  | 
| Town Hall | 2 |  | 
| Guard Tower | 2 |  | 
| Castle | 1 |  | 
| Gryphon Aviary | 2 |  | 
                27 total
 » build order
                00:07 Altar of Kings
00:11 Altar of Kings
00:18 Barracks
00:21 Farm
00:51 Farm
01:48 Scout Tower
02:32 Arcane Tower
03:02 Arcane Vault
03:07 Lumber Mill
03:40 Keep
04:18 Farm
06:07 Arcane Sanctum
06:23 Arcane Sanctum
08:28 Farm
08:33 Town Hall
08:35 Scout Tower
08:37 Scout Tower
08:38 Scout Tower
10:29 Guard Tower
10:31 Guard Tower
10:38 Farm
10:54 Castle
11:02 Town Hall
11:25 Farm
21:01 Gryphon Aviary
21:03 Gryphon Aviary
22:39 Scout Tower
» items
                
                | Scroll of Regeneration | 8 |  | 
| Scroll of Town Portal | 7 |  | 
| Ivory Tower | 6 |  | 
| Potion of Healing | 6 |  | 
| Potion of Mana | 4 |  | 
| Tome of Retraining | 1 |  | 
| Potion of Lesser Invulnerability | 1 |  | 
| Scroll of Healing | 1 |  | 
| Lesser Clarity Potion | 3 |  | 
                37 total
  
               observersIceberg-Slim, 
bLinn, 
SDFWESDER, 
jerund, 
Nonent Chat log
          (00:12 / All) greedoFthenoob: i hate this fucking map
(00:13 / Observers) Nonent: so u guys play fallout 3
(00:14 / All) greedoFthenoob: gl bru
(00:20 / Observers) jerund: there are no cute chinese girls
(00:23 / Observers) bLinn: Harry Potter & The Fallout 3 Sucks
(00:35 / Observers) Nonent: oh blinn it's not bad
(00:38 / Observers) Nonent: not great but
(00:43 / Observers) Nonent: not bad
(01:06 / Observers) bLinn: in what game can you shoot miniature nukes?
(01:09 / Observers) bLinn: A: all of them!!
(01:15 / Observers) Nonent: yeah i was bout to say
(01:27 / All) greedoFthenoob: you know
(01:29 / All) greedoFthenoob: you have only ever beaten me
(01:32 / All) atouchofherlips: ?
(01:33 / All) greedoFthenoob: with dark ranger first
(01:35 / Observers) jerund: that's not how they say it in alabama
(01:40 / All) atouchofherlips: and flord 2nd
(01:48 / Observers) jerund: wait, what's doggy style
(01:54 / Observers) Nonent: from behind
(02:00 / Observers) Nonent: also a snoop record
(02:25 / Observers) jerund: so do you actually suppose you can fit a phone up a girl's ass
(02:31 / Observers) Nonent: yes
(02:36 / Observers) jerund: what kind of phone are we talking about
(02:48 / Observers) Nonent: not an iphone
(03:00 / Observers) Nonent: or a razr, a candy-bar phone
(03:09 / Observers) jerund: razr is still pretty wide
(03:16 / Observers) jerund: how about an alaskan fire dragon
(03:18 / Observers) Nonent: i know, not a razr
(03:26 / Observers) bLinn: what does that entail
(03:41 / Observers) jerund: an alaskan fire dragon is
(03:44 / Observers) jerund: instead of lube
(03:47 / Observers) jerund: you use icyhot
(03:53 / Observers) Nonent: oh noice
(04:03 / Observers) Nonent: girls secretly like pain
(04:39 / Observers) Nonent: haha greed at 90%
(04:54 / Observers) jerund: lol, what an idiot
(05:04 / Observers) Nonent: not that bad of a handi tho
(05:08 / Observers) Nonent: he can maybe do it
(05:23 / All) atouchofherlips: u at 90?
(05:26 / Observers) bLinn: 4:20 smoke waheed.. errryday
(05:26 / All) greedoFthenoob: yeah
(05:30 / All) atouchofherlips: ur a fag
(05:58 / Observers) Nonent: should have surred there
(06:22 / Observers) jerund: you can learn it, though
(06:28 / Observers) jerund: sure you can
(06:39 / Observers) jerund: i'm sure you can
(06:44 / Observers) Nonent: no boots 4 u
(06:44 / Observers) jerund: sure, that can be taught
(07:00 / Observers) jerund: sure, that can be taught
(07:20 / Observers) jerund: have you ever tried to teach yourself to do it
(07:27 / Observers) jerund: imagine how bad at wc3 you are
(07:39 / Observers) jerund: just because you are terrible at wc3
(07:42 / Observers) jerund: no one can be taught to be good?
(08:23 / Observers) Nonent: greed did good with the bot creep
(08:26 / Observers) jerund: sure, that can be taught
(09:02 / Observers) jerund: it's JAIR-und
(09:04 / Observers) jerund: like gerund
(09:13 / Observers) jerund: i can't suck a dick
(09:20 / Observers) jerund: i was not born knowing how to suck a dick
(09:24 / Observers) jerund: therefore it is impossible for me to do so
(09:54 / Observers) Iceberg-Slim: i hear, im kinda at the same point. 
(10:31 / Observers) jerund: i'm not bad mannering you
(10:36 / Observers) jerund: just something i know a lot about
(10:42 / Observers) jerund: and you are just spouting some old wives tale
(10:44 / Observers) Nonent: 1/1 pretty much negates 90%
(10:44 / Observers) jerund: yes
(11:01 / Observers) jerund: what do you want to know about it
(11:07 / Observers) jerund: you can practice it just like anything else
(11:19 / Observers) Nonent: are we talking about cocksucking or surrounding
(12:37 / Observers) jerund: so if you want to start learning perfect pitch
(12:44 / Observers) jerund: it is easiest to identify specific pitches with specific songs
(13:02 / Observers) jerund: so that when you hear a random B
(13:06 / Observers) jerund: you will hear not a B
(13:14 / Observers) jerund: but the beginning of mendelssohn's violin concerto
(13:27 / Observers) jerund: it's like a mnemonic device for musical tones
(13:33 / Observers) jerund: and if you are ever asked to generate a B
(13:46 / Observers) jerund: you instead generate the first note of mendelssohn's violin concerto
(13:47 / Observers) jerund: etc.
(14:55 / Observers) jerund: and you can train intervals in the same way
(15:07 / Observers) jerund: so try it
(15:10 / Observers) jerund: for a month
(15:12 / Observers) jerund: and see if you don't improve
(16:49 / Observers) jerund: for trolling
(16:50 / Observers) jerund: lol
(17:47 / Observers) Nonent: nice
(18:45 / All) atouchofherlips: I PASSED MY TP TOO TT
(18:55 / All) greedoFthenoob: the only thing you pass is an aids test
(21:57 / All) greedoFthenoob: fuck you fo rmaking me buy priests
(22:13 / Observers) Nonent: lmao
(23:05 / Observers) Nonent: oh jeez
(23:12 / Observers) jerund: lol did he just blizzard deny his own hero
(23:20 / Observers) Nonent: yes
(23:24 / Observers) Nonent: failed tho
(23:30 / Observers) jerund: oh, too bad
(23:43 / Observers) Nonent: should have just waited for gryphs
(24:26 / All) atouchofherlips: i wont make knights
(25:00 / Observers) jerund: i thought turk just had am and pally
(25:19 / Observers) jerund: pally is almost 6
(25:21 / Observers) jerund: does he have a nice ult
(25:26 / Observers) Nonent: yase
(25:37 / Observers) Nonent: good for knights too
(26:16 / Observers) jerund: one more kill
(26:23 / Observers) jerund: SIX
(26:51 / Observers) jerund: so turk is raping at 90%
(26:59 / Observers) Nonent: touch doesn't staff
(27:06 / Observers) Nonent: so yeah
(28:49 / Observers) jerund: is am ult any good
(28:54 / Observers) Nonent: yes
(28:57 / Observers) jerund: what is it
(28:58 / Observers) Nonent: but it's situational
(29:08 / Observers) Nonent: free teleport to any player controlled unit
(29:11 / Observers) Nonent: low cooldown
(29:25 / Observers) jerund: group teleport like arbiter?
(29:34 / Observers) Nonent: i don't know starcraft
(29:53 / Observers) Nonent: but its good for flying into a base, wrecking shit
(29:57 / Observers) Nonent: tping back for free
(30:08 / Observers) Nonent: pretty imba in ffa games
(30:44 / Observers) Nonent: pally ult is good with rifle knight, i did it all the time in 4v4 games with pally first
(30:44 / Observers) jerund: turk attacking neuts
(31:12 / Observers) Nonent: mines almost out
(32:10 / Observers) jerund: turk doesn't like scouting
(32:14 / Observers) jerund: if he just took out the expo
(32:15 / Observers) jerund: gg
(32:23 / Observers) jerund: oh you're right
(32:25 / Observers) Nonent: naw he saw it before twice
(32:34 / Observers) jerund: so purple is hopeless
(32:37 / Observers) Nonent: yes
(33:08 / Observers) Nonent: well purp had some good blizzes
(33:32 / Observers) Nonent: haha
(33:44 / Observers) Nonent: funny if turk left after that
(33:49 / Observers) jerund: it's not cooled
(33:59 / Observers) jerund: he used it like just 3 mins ago?
(34:22 / Observers) Nonent: he used it just before the fight at the creep camp
(34:58 / Observers) Nonent: ok gg goons